Map: Lost and Found LE

Players

JackO

  • Race: Protoss Protoss
  • Spawn Location: 7:00

Frontstab - Winner!

  • Race: Protoss Protoss
  • Spawn Location: 1:00

Event: WCS Montreal 2018

VOD

Have the link to the VOD?

Description

Time

  • Played on: Sept. 7, 2018, 1:01 p.m.
  • Length: 3:19

All games in this series

Show
View Real Time Build Order
Export as new Build Order

JackO Protoss 

Build Orders:  

Get SALT Encoding   

  12  0:00  Probe  
  13  0:12  Probe  
  14  0:17  Pylon  
  14  0:25  Probe  
  15  0:37  Forge  
  15  0:41  Probe  
  16  0:53  Probe  
  17  0:58  Pylon  
  17  1:12  Photon Cannon  
  17  1:14  Probe  
  18  1:20  Photon Cannon  
  18  1:26  Pylon  
  18  1:31  Probe  
  19  1:37  Pylon  
  19  1:44  Probe  
  20  1:56  Gateway  
  20  2:01  Photon Cannon  
  20  2:13  Pylon  
  20  2:19  Probe  
  18  2:32  Photon Cannon  
  18  2:38  Zealot  
  18  2:41  Photon Cannon  
  19  2:58  Assimilator  
Show
View Real Time Build Order
Export as new Build Order

Frontstab Protoss - Winner!

Build Orders: Cannon Rush 

Get SALT Encoding   

  1  0:00  Probe  
  12  0:04  Probe  
  14  0:18  Pylon  
  14  0:20  Probe  
  15  0:36  Probe  
  15  0:39  Forge  
  16  0:48  Probe  
  17  0:57  Pylon  
  17  1:06  Pylon  
  17  1:17  Pylon  
  17  1:23  Pylon  
  17  1:37  Photon Cannon  
  17  1:38  Photon Cannon  
  17  1:48  Photon Cannon  
  17  1:56  Gateway  
  18  2:05  Pylon  
  17  2:22  Assimilator  
  17  2:28  Photon Cannon  
  17  2:34  Photon Cannon  
  17  2:46  Photon Cannon  
  17  3:06  Cybernetics Core  
  17  3:16  Pylon  
Tags
 
Add a new tag
Caveats
  • Supply blocks, unpowered buildings, or Contaminate may cause inaccurate times.
  • Supply counts are checked every 10 seconds.